[Event "Early-Titled-Tuesday-Blitz-January-23-2024"]
[Site "Chess.com"]
[Date "2024.01.23"]
[Round "6"]
[White "N4700000"]
[Black "Glidzhian_Gor"]
[Result "1-0"]
[WhiteElo "2424"]
[BlackElo "2566"]
[TimeControl "180+1"]
[EndTime "9:06:29 PST"]
[Termination "N4700000 won by resignation"]

1. e4 e5 2. Nf3 d6 3. d4 exd4 4. Nxd4 Nf6 5. Nc3 Be7 6. Be2 O-O 7. O-O Nc6 8. f4 Re8 9. Bf3 Nxd4 10. Qxd4 c6 11.
Kh1 Bg4 12. b3 Bxf3 13. gxf3 Nh5 14. Qd2 Bf6 15. Bb2 Qa5 16. Rg1 Nxf4 17. Qxf4 Bxc3 18. Rxg7+ Kxg7 19. Qd2 Bxb2 20. Rg1+ Kf8 21. Qxa5 Bd4 22. Rg4 Re5 23. Qc7 Bc5 24. Qxb7 Rae8 25. Qxc6 f5 26. Rf4 Kg7 27. Rxf5 Rxf5 28. exf5 Re1+ 29. Kg2 Rg1+ 30. Kh3 Kf6 31. Qd5 Kg5 32. f6+ Kxf6 33. c3 Rg5 34.
Qb7 Rh5+ 35. Kg2 Rg5+ 36. Kf1 Rg1+ 37. Ke2 Rg2+ 38. Kd3 Rxa2 39. b4 Bg1 40. Qd5 Rxh2 41. Qxd6+ Kf5 42. Qd7+ Kf4 43. Qg4+ Ke5 44. Qxg1 Rh5 45.
Qc5+ 1-0

[Event "Early-Titled-Tuesday-Blitz-January-23-2024"]
[Site "Chess.com"]
[Date "2024.01.23"]
[Round "6"]
[White "andrzej"]
[Black "Larina_Maria"]
[Result "1-0"]
[WhiteElo "2385"]
[BlackElo "2185"]
[TimeControl "180+1"]
[EndTime "9:06:29 PST"]
[Termination "andrzej won on time"]

1. e4 c6 2. d4 d5 3. e5 Bf5 4. h4 a6 5. h5 h6 6. g4 Be4 7. f3 Bh7 8. Bd3 Bxd3 9. Qxd3 e6 10. Ne2 c5 11. c3 Nc6 12. a3 b5 13. b4 cxd4 14.
cxd4 Qb6 15. Bb2 a5 16. f4 axb4 17. f5 exf5 18. e6 fxe6 19. Qe3 Kd7 20. Nf4 Re8 21. Ng6 e5 22. O-O Rh7 23. Qf2 f4 24. axb4 Bxb4 25.
Nc3 Bxc3 26. Bxc3 Nxd4 27. Kh2 Nf6 28. Kh3 Ne4 29. Nxe5+ Rxe5 30. Qxd4 Qxd4 31. Bxd4 Ng5+ 32. Kh4 Re4 33. Ra7+ Ke6 34. Ra6+ Kd7 35. Ra7+ Ke6 36. Bxg7 f3 37. Rc1 1-0

[Event "Early-Titled-Tuesday-Blitz-January-23-2024"]
[Site "Chess.com"]
[Date "2024.01.23"]
[Round "6"]
[White "DarkAlekhine"]
[Black "Baronessa08"]
[Result "1-0"]
[WhiteElo "2713"]
[BlackElo "2536"]
[TimeControl "180+1"]
[EndTime "9:06:30 PST"]
[Termination "DarkAlekhine won by resignation"]

1. e4 e5 2. Nf3 Nc6 3. Bc4 Bc5 4. d3 Nf6 5. c3 d6 6. Bb3 Bb6 7. h3 h6 8. Nbd2 a5 9. Nc4 Ba7 10. a4 Be6 11. Be3 Bxe3 12. Nxe3 Qd7 13. O-O g5 14. d4 Bxb3 15. Qxb3 Nxe4 16. dxe5 Nc5 17. Qd5 O-O-O 18. Rfd1 Qe6 19. exd6 cxd6 20. Nc4 Qxd5 21. Rxd5 Kc7 22. Rf5 Rd7 23. Ne3 Kd8 24. Nd5 Ne6 25. Nb6 Re7 26.
Nc4 Kc7 27. Nxa5 Nxa5 28. Rxa5 Nc5 29. Rb5 Re2 30. Nd4 Rd2 31. Re1 Rd8 32. b4 Nxa4 33. Re7+ Rd7 34. Rxb7+ Kxb7 35. Rxd7+ Kc8 36. Rxf7 Nxc3 37.
Nf5 Ne2+ 38. Kh2 h5 39. Rg7 g4 40. hxg4 hxg4 41. Rxg4 Rd5 42. Ne7+ 1-0

[Event "Early-Titled-Tuesday-Blitz-January-23-2024"]
[Site "Chess.com"]
[Date "2024.01.23"]
[Round "6"]
[White "ViIIagra"]
[Black "vasblesk"]
[Result "1-0"]
[WhiteElo "2974"]
[BlackElo "2775"]
[TimeControl "180+1"]
[EndTime "9:06:32 PST"]
[Termination "ViIIagra won by resignation"]

1. g3 d5 2. Bg2 g6 3. f4 Bg7 4.
Nf3 Nf6 5. O-O O-O 6. c3 c5 7.
d3 Nc6 8. Qc2 Qc7 9. e4 dxe4 10.
dxe4 e5 11. Na3 Nd7 12. f5 Nf6 13. Nh4 Ne7 14. Nb5 Qb6 15. c4 Nc6 16. Nc3 Nd4 17.
Qd1 Qd6 18. g4 h6 19. h3 g5 20. Nf3 b6 21. Nxg5 hxg5 22. Bxg5 Nh7 23. Be3 Bf6 24.
Qd2 Qd8 25. Nd5 Bh4 26. f6 Nxf6 27. Bg5 Nxe4 28. Bxd8 Nxd2 29. Bxh4 Nxf1 30. Rxf1 Rb8 31. Ne7+ Kh7 32. Be4+ f5 33. gxf5 Bb7 34. Nd5 Bxd5 35. cxd5 Ne2+ 36. Kh2 Kh6 37. d6 Rh8 38. Bf6 Rhg8 39.
Be7 Nf4 40. f6 Rg5 41. f7 Rh5 42. Rxf4 exf4 43. f8=Q+ Rxf8 44. Bxf8+ Kg5 45. d7 1-0

[Event "Early-Titled-Tuesday-Blitz-January-23-2024"]
[Site "Chess.com"]
[Date "2024.01.23"]
[Round "6"]
[White "itsdsyr"]
[Black "Chernov_Mikhail"]
[Result "1-0"]
[WhiteElo "2252"]
[BlackElo "2335"]
[TimeControl "180+1"]
[EndTime "9:06:32 PST"]
[Termination "itsdsyr won on time"]

1. d4 Nf6 2. c4 e5 3. dxe5 Ng4 4. Bf4 Bb4+ 5. Nd2 Nc6 6. Nf3 Qe7 7. a3 Ngxe5 8. Nxe5 Nxe5 9. e3 Bxd2+ 10. Qxd2 O-O 11. Be2 a5 12. O-O Ra6 13. b4 axb4 14. axb4 Rg6 15.
Bg3 d6 16. Qd4 f5 17. c5 Ng4 18. cxd6 cxd6 19. Rfd1 Ne5 20. Rac1 Nc6 21. Qd2 Rd8 22.
b5 Ne5 23. Qa5 Rf8 24. Rc7 Qf6 25. Qc3 Be6 26. Rxd6 Ng4 27. Qxf6 Rgxf6 28. Rxb7 Rc8 29. Rd1 Rc2 30. Bf3 h5 31. h3 Nh6 32. Be5 Rf7 33.
Rb8+ Rf8 34. Rxf8+ Kxf8 35. Bxh5 g5 36. b6 Nf7 37. b7 1-0

[Event "Early-Titled-Tuesday-Blitz-January-23-2024"]
[Site "Chess.com"]
[Date "2024.01.23"]
[Round "6"]
[White "RandomNoob04"]
[Black "Revan_2002"]
[Result "0-1"]
[WhiteElo "2570"]
[BlackElo "2396"]
[TimeControl "180+1"]
[EndTime "9:06:33 PST"]
[Termination "Revan_2002 won by checkmate"]

1. e4 c6 2. c4 d5 3. exd5 cxd5 4. d4 Nf6 5. Nc3 e6 6. Nf3 Bb4 7. cxd5 Nxd5 8. Bd2 Nc6 9. Bd3 Ba5 10. O-O Nf6 11.
Bg5 O-O 12. Ne4 Bb4 13. Nxf6+ gxf6 14. Bh6 Re8 15. Ne5 f5 16. Qf3 Nxe5 17. dxe5 Qh4 18. Bb5 Rd8 19. Rad1 Rxd1 20. Rxd1 Qxh6 21. Qg3+ Qg6 22.
Qh4 Bf8 23. Rd3 Qh6 24. Rg3+ Kh8 25. Qd8 b6 26. h3 Bb7 27. Qc7 Bd5 28. Qxf7 Bg7 29.
Be8 f4 30. Rg4 Rc8 31. Kh2 f3 32. g3 Rc1 33. h4 Rf1 34. Bb5 Rxf2+ 35. Kh3 Rh2+ 36.
Kxh2 Qd2+ 37. Be2 Qxe2+ 38. Kh3 Qg2# 0-1

[Event "Early-Titled-Tuesday-Blitz-January-23-2024"]
[Site "Chess.com"]
[Date "2024.01.23"]
[Round "6"]
[White "guillembaches"]
[Black "knightinshiningarmour16"]
[Result "1/2-1/2"]
[WhiteElo "2528"]
[BlackElo "2236"]
[TimeControl "180+1"]
[EndTime "9:06:33 PST"]
[Termination "Game drawn by agreement"]

1. d4 Nf6 2. Nf3 e6 3. Bg5 Be7 4. Nbd2 h6 5. Bh4 d5 6. e3 c5 7. c3 Nc6 8. Bd3 O-O 9. O-O cxd4 10. exd4 a6 11. Re1 b5 12. a3 Na5 13. Qe2 Nc4 14.
Nf1 Bd7 15. Ne5 Rb8 16. Bg3 Rc8 17. f4 a5 18. Ne3 Nxe5 19. fxe5 Ne4 20. Bxb5 Bxb5 21.
Qxb5 Rb8 22. Qe2 Qb6 23. Nd1 Bg5 24. Bf2 Nd2 25. Be3 Bxe3+ 26. Qxe3 Nc4 27. Qe2 Qc6 28. b3 Nb6 29. a4 Nd7 30. Rb1 Rb7 31. Qc2 Rfb8 32.
Nf2 Nf8 33. Nd3 Ng6 34. Nc5 Rb6 35. b4 axb4 36. cxb4 Rxb4 37. Rxb4 Rxb4 38. a5 Rxd4 39. a6 Rc4 40. Qf2 Qxc5 41. Qxc5 Rxc5 42. Ra1 Rc8 43. Kf2 Ra8 44. Ke3 Nxe5 45. Kd4 Nc6+ 46. Kc5 Nb8 47. a7 Kh7 48. Kb6 1/2-1/2

[Event "Early-Titled-Tuesday-Blitz-January-23-2024"]
[Site "Chess.com"]
[Date "2024.01.23"]
[Round "6"]
[White "frederiksvane"]
[Black "dropstoneDP"]
[Result "1-0"]
[WhiteElo "2949"]
[BlackElo "3050"]
[TimeControl "180+1"]
[EndTime "9:06:34 PST"]
[Termination "frederiksvane won on time"]

1. e4 e5 2. Bc4 Nf6 3. d3 Bc5 4. Nf3 d6 5. O-O c6 6. a4 a5 7.
Nc3 h6 8. h3 O-O 9. Re1 Be6 10. Be3 Bb4 11. Bxe6 fxe6 12. Bd2 Nbd7 13. Ne2 Bxd2 14. Qxd2 Nh5 15. Qe3 Qf6 16. c3 Rf7 17. Rf1 Raf8 18. Nh2 Qg6 19. Kh1 Nc5 20. f3 Kh7 21. d4 Nd7 22. Rad1 exd4 23. cxd4 d5 24. Kg1 dxe4 25. fxe4 Rxf1+ 26. Rxf1 Rxf1+ 27. Nxf1 e5 28.
Nd2 Qe6 29. Qc3 Nhf6 30. Qxa5 exd4 31. Nxd4 Qd6 32. Qc3 Qf4 33. Ne2 Qc7 34. b4 Ne5 35. a5 Qd6 36. Qd4 Qe6 37. Nf4 Qe7 38.
Nf3 Nfd7 39. Nd3 1-0

[Event "Early-Titled-Tuesday-Blitz-January-23-2024"]
[Site "Chess.com"]
[Date "2024.01.23"]
[Round "6"]
[White "biostatistician"]
[Black "maciek_92"]
[Result "1-0"]
[WhiteElo "2614"]
[BlackElo "2820"]
[TimeControl "180+1"]
[EndTime "9:06:34 PST"]
[Termination "biostatistician won by resignation"]

1. d4 f5 2. Bg5 g6 3. Nd2 Bg7 4. e4 fxe4 5. Nxe4 d5 6. Nc5 b6 7. Nb3 c5 8. Nf3 Nf6 9. Bb5+ Bd7 10. a4 O-O 11. O-O c4 12. Nbd2 Bg4 13. a5 a6 14.
axb6 Qxb6 15. Ba4 Ne4 16. Bxe7 Rf7 17. Ba3 Nc6 18. Bxc6 Qxc6 19. Nxe4 Bxf3 20. gxf3 dxe4 21. fxe4 Qxe4 22. c3 Rf5 23. f3 Qe3+ 24. Kg2 Rg5+ 25. Kh1 Rh5 26. Qe1 Qf4 27. Qf2 Bf6 28. Rae1 Qc7 29. Re6 Bh4 30. Qe3 Bg5 31. Re8+ Kg7 32. Qe5+ Qxe5 33. Rxe5 Rc8 34. Rg1 h6 35. f4 Rxh2+ 36.
Kxh2 Bxf4+ 37. Kg2 Bxe5 38. dxe5 Rd8 39. e6 Rd2+ 40. Kf3 Rd3+ 41. Ke4 Rd2 42. e7 Re2+ 43. Kd5 h5 44. Rf1 h4 45. Rf8 h3 46. e8=Q Rxe8 47. Rxe8 g5 48. Bd6 1-0

[Event "Early-Titled-Tuesday-Blitz-January-23-2024"]
[Site "Chess.com"]
[Date "2024.01.23"]
[Round "6"]
[White "Grischuk"]
[Black "ContrVersia"]
[Result "1-0"]
[WhiteElo "3077"]
[BlackElo "2845"]
[TimeControl "180+1"]
[EndTime "9:06:35 PST"]
[Termination "Grischuk won on time"]

1. d4 d5 2. Nf3 Nf6 3. Bg5 e6 4. Nbd2 Be7 5. e3 Nbd7 6. Bd3 b6 7. O-O Bb7 8. a4 c5 9. c3 O-O 10. Qb1 h6 11. Bf4 a6 12. h3 Rc8 13. b4 cxb4 14. cxb4 Rc3 15. Be2 Qa8 16. b5 a5 17. Qb2 Rfc8 18.
Rac1 Bb4 19. Rxc3 Bxc3 20. Qb1 Ne4 21. Nxe4 dxe4 22. Ne5 Nxe5 23. Bxe5 Bd5 24. Rc1 Bb4 25. Rc2 f6 26. Bg3 Ba3 27. h4 Kf8 28. h5 Ke8 29.
Bd1 Kd7 30. Rxc8 Qxc8 31. Bc2 Qa8 32. Qd1 Qc8 33. Qb1 Qa8 34. Bb3 Bb4 35. Bxd5 Qxd5 36. Qd1 f5 37. Be5 Bf8 38. Qc2 Qb7 39. g3 Qc8 40.
Qb3 1-0

[Event "Early-Titled-Tuesday-Blitz-January-23-2024"]
[Site "Chess.com"]
[Date "2024.01.23"]
[Round "6"]
[White "Carlitus2004"]
[Black "abelmat"]
[Result "1-0"]
[WhiteElo "2373"]
[BlackElo "2132"]
[TimeControl "180+1"]
[EndTime "9:06:35 PST"]
[Termination "Carlitus2004 won on time"]

1. e4 e6 2. d4 d5 3. exd5 exd5 4. Nf3 c5 5. Bb5+ Nc6 6. O-O Nf6 7. Re1+ Be7 8.
dxc5 O-O 9. Be3 Ng4 10. Bf4 Bxc5 11. Bxc6 Bxf2+ 12. Kh1 Bxe1 13. Qxe1 bxc6 14. Nbd2 Re8 15. Qg3 Qb6 16. h3 Nf6 17. Be5 c5 18. Rf1 Bf5 19.
Nh4 Bg6 20. Nf5 Nh5 21. Qh2 Rxe5 22. Qxe5 Qe6 23. Ne7+ Kh8 24. Qxe6 fxe6 25. Nxg6+ hxg6 26. Rf7 Re8 27. Kg1 a5 28. Rd7 Nf6 29. Rc7 c4 30. Rc5 Rb8 31. b3 cxb3 32. axb3 a4 33. bxa4 Rb4 34.
a5 Ra4 35. Kf1 Rd4 36. Ke1 Rxd2 37. Rc8+ Kh7 38. Kxd2 Ne4+ 39. Ke3 Nd6 40. Rc7 Nb5 41. Rb7 1-0

[Event "Early-Titled-Tuesday-Blitz-January-23-2024"]
[Site "Chess.com"]
[Date "2024.01.23"]
[Round "6"]
[White "Fandorine"]
[Black "Onischuk_V"]
[Result "1-0"]
[WhiteElo "2980"]
[BlackElo "2806"]
[TimeControl "180+1"]
[EndTime "9:06:37 PST"]
[Termination "Fandorine won on time"]

1. d4 d6 2. e4 g6 3. Nc3 Bg7 4.
Be3 c6 5. Qd2 Nd7 6. h4 h6 7. g4 Ngf6 8. f3 b5 9. Nge2 Qc7 10. Ng3 Nb6 11. a4 Nc4 12. Bxc4 bxc4 13.
Kf2 Rb8 14. g5 hxg5 15. hxg5 Rxh1 16. Rxh1 Nd7 17. Nd1 Nf8 18. Qc3 Ba6 19. Qa3 Qb6 20. c3 Qa5 21. Ne2 Rb3 22. Qa1 Bc8 23. Bc1 Rb6 24.
Ne3 Ra6 25. Nxc4 Qxa4 26. Qxa4 Rxa4 27. Na3 Be6 28. Ng3 Nd7 29. f4 Nb6 30. f5 Bb3 31. Ne2 c5 32. Be3 Nc4 33. Nxc4 Bxc4 34. dxc5 Bxe2 35.
Kxe2 Rxe4 36. fxg6 dxc5 37. Kf3 f5 38. Rh7 Kf8 39.
Bxc5 a5 40. Ba3 a4 41. Rh1 Ke8 42. Rd1 1-0

[Event "Early-Titled-Tuesday-Blitz-January-23-2024"]
[Site "Chess.com"]
[Date "2024.01.23"]
[Round "6"]
[White "viktorskliarov"]
[Black "K_A_S_T_O_R"]
[Result "0-1"]
[WhiteElo "2662"]
[BlackElo "2888"]
[TimeControl "180+1"]
[EndTime "9:06:37 PST"]
[Termination "K_A_S_T_O_R won by resignation"]

1. e4 c5 2. Nf3 d6 3. d4 cxd4 4. Qxd4 Bd7 5. c4 Nc6 6. Qd2 g6 7. b3 Bh6 8. Qc3 Qa5 9. Bxh6 Qxc3+ 10. Nxc3 Nxh6 11. Nd5 Rc8 12. h3 e6 13. Ne3 Ke7 14.
g4 f6 15. Rd1 Nf7 16. Be2 Nfe5 17. Nd4 Nxd4 18. Rxd4 g5 19. h4 h6 20. f3 Bc6 21.
Kf2 Ng6 22. h5 Ne5 23. Rhd1 Rhd8 24. Nc2 b6 25. Nb4 Bb7 26. Ke3 a5 27. Nc2 b5 28.
Na3 bxc4 29. Nxc4 Nxc4+ 30. Bxc4 Bc6 31. R4d2 Rb8 32. f4 gxf4+ 33. Kxf4 Rd7 34. Ke3 Rg8 35. Kf4 Rg5 36. a3 Rd8 37. b4 axb4 38. axb4 Re5 39. Rd4 Rd7 40. Rb1 Rb7 41. b5 Bxb5 42.
Bd3 Kd7 43. Rdb4 Kc6 44. Rc1+ Rc5 45. Rcb1 Rb6 46. Ke3 Rc3 47. Rxb5 Rxb5 48. Rxb5 Rxd3+ 49. Kxd3 Kxb5 50. e5 dxe5 51. Ke4 Kc6 52. g5 fxg5 53.
Kxe5 Kd7 54. Kf6 g4 55. Kg6 g3 56. Kxh6 g2 57. Kh7 g1=Q 58. h6 Qg5 0-1

[Event "Early-Titled-Tuesday-Blitz-January-23-2024"]
[Site "Chess.com"]
[Date "2024.01.23"]
[Round "6"]
[White "Timerkhanov"]
[Black "LiadCuba"]
[Result "1-0"]
[WhiteElo "2677"]
[BlackElo "2443"]
[TimeControl "180+1"]
[EndTime "9:06:37 PST"]
[Termination "Timerkhanov won by resignation"]

1. d4 d5 2. Nf3 Nf6 3. g3 c5 4.
Bg2 Nc6 5. O-O e6 6. c4 dxc4 7. Qa4 Bd7 8. Qxc4 b5 9. Qd3 c4 10. Qd1 Rc8 11. Re1 Bb4 12. Bd2 O-O 13. e4 Bxd2 14. Nbxd2 Nb4 15. e5 Nfd5 16. Ne4 Nd3 17. Re2 b4 18. Nd6 Rc6 19. Nxc4 Nxf2 20. Rxf2 Rxc4 21. Qd3 Bb5 22. Qe4 Rc7 23. h4 h6 24.
Nd2 Ne7 25. Kh2 Bc6 26. Qf4 Nf5 27. Bxc6 Rxc6 28. Nb3 a5 29. a4 Qd5 30. Qf3 Qxf3 31.
Rxf3 Rc2+ 32. Kh3 Rxb2 33. d5 Rxb3 34. Rxb3 exd5 35. Rd3 Ne7 36. Rc1 Rb8 37. Rc5 b3 38. Rd1 Rb4 39. Rxa5 b2 40. Rb1 Nc6 41. Rxd5 Rxa4 42.
Rxb2 Re4 43. Rbb5 h5 44. Rbc5 Nd4 45. Rd8+ Kh7 46. Rd7 Ne6 47. Ra5 Kg6 48. Raa7 Re3 49. Rxf7 Rxe5 50. Rfb7 Re3 51. Rb6 Kh7 52. Kg2 Re2+ 53.
Kf1 Re4 54. Re7 Kg8 55. Rexe6 Rg4 56. Kf2 Ra4 57. Re7 Kf8 58. Rbb7 Ra2+ 59. Kg1 Ra1+ 60. Kh2 Ra2+ 61. Kh3 Ra1 62. Rf7+ Ke8 63. Rxg7 Kf8 64. Rh7 Kg8 65. Rxh5 Rh1+ 66. Kg4 Rb1 67. Rxb1 1-0

[Event "Early-Titled-Tuesday-Blitz-January-23-2024"]
[Site "Chess.com"]
[Date "2024.01.23"]
[Round "6"]
[White "Mikhail_Golubev"]
[Black "Arlo2024"]
[Result "1-0"]
[WhiteElo "2509"]
[BlackElo "2292"]
[TimeControl "180+1"]
[EndTime "9:06:37 PST"]
[Termination "Mikhail_Golubev won on time"]

1. e4 e6 2. d4 d5 3. Nc3 dxe4 4.
Nxe4 Nd7 5. Bd3 Ngf6 6. Nxf6+ Nxf6 7. Bg5 h6 8. Bh4 c5 9. Nf3 cxd4 10. Nxd4 Bd7 11. Qe2 Qa5+ 12. c3 Nd5 13. Qe5 Qc7 14. Bg3 Qxe5+ 15. Bxe5 O-O-O 16. Nb5 Bxb5 17. Bxb5 f6 18.
Bg3 e5 19. O-O-O Bc5 20. h4 Kc7 21. h5 Nf4 22. Rxd8 Rxd8 23. Kc2 a6 24. Bf1 b5 25. Rh4 Ne6 26. a4 Kb6 27. axb5 axb5 28. Rg4 Ng5 29. b4 Bf8 30. f4 f5 31. Rh4 Ne4 32. Be1 Be7 33.
Rh3 exf4 34. Rf3 Bg5 35. Bd3 Ng3 36. Bxg3 fxg3 37. Rxf5 Rd7 38. Rxb5+ Kc6 39. Rc5+ Kb6 40. Be4 Re7 41. Bf3 Rf7 42. Rc6+ Kb5 43. Rc5+ Kb6 44.
Rc4 1-0

[Event "Early-Titled-Tuesday-Blitz-January-23-2024"]
[Site "Chess.com"]
[Date "2024.01.23"]
[Round "6"]
[White "snowlord"]
[Black "Lady_Nika"]
[Result "1-0"]
[WhiteElo "2857"]
[BlackElo "2566"]
[TimeControl "180+1"]
[EndTime "9:06:39 PST"]
[Termination "snowlord won by resignation"]

1. e4 e6 2. Qe2 Be7 3. e5 d5 4. Qg4 g6 5. d4 h5 6. Qf4 c5 7. dxc5 Bxc5 8. Nf3 Be7 9. c4 Nc6 10.
cxd5 exd5 11. Bb5 Be6 12. Nc3 a6 13. Bxc6+ bxc6 14. Qa4 Qd7 15. Bg5 Bxg5 16. Nxg5 Ne7 17. Rd1 Qa7 18. O-O Bg4 19. Rxd5 Nxd5 20. Qxc6+ Bd7 21.
Qxd5 O-O 22. Nce4 Bf5 23. Nd6 Rad8 24. h4 Kg7 25. Nxf5+ gxf5 26. Qf3 Qd7 27. Nh3 Qe7 28.
Qg3+ Kh7 29. Ng5+ Kh6 30. Qf4 Kg6 31. Qg3 Kh6 32. Re1 Rd4 33. Qe3 Rg4 34. Nxf7+ Kg7 35. Ng5 Rxh4 36. Ne6+ Qxe6 37. Qg5+ Qg6 38. Qxh4 Rg8 39.
e6 Kh7 40. g3 Rg7 41. e7 f4 42.
e8=Q 1-0

[Event "Early-Titled-Tuesday-Blitz-January-23-2024"]
[Site "Chess.com"]
[Date "2024.01.23"]
[Round "6"]
[White "noblerone"]
[Black "CSB7"]
[Result "0-1"]
[WhiteElo "2519"]
[BlackElo "2732"]
[TimeControl "180+1"]
[EndTime "9:06:39 PST"]
[Termination "CSB7 won on time"]

1. d4 Nf6 2. c4 a6 3. Nc3 b5 4. cxb5 axb5 5. Nxb5 e5 6. dxe5 Ne4 7. Nf3 Bb7 8. Nc3 Bb4 9. Bd2 Nxd2 10. Qxd2 O-O 11.
e3 Nc6 12. Be2 Re8 13. O-O Nxe5 14. Nxe5 Rxe5 15. f4 Re7 16. Bf3 Bxf3 17. Rxf3 c6 18. a3 d5 19. Raf1 Bc5 20. Kh1 Qc7 21. f5 Rae8 22.
f6 Rxe3 23. Rxe3 Bxe3 24. Qd3 Re6 25. fxg7 Rh6 26. g3 Qxg3 27. Qe2 Qe5 28. Nd1 Bf4 29.
Qxe5 Bxe5 30. Rf2 Kxg7 31. Ne3 Re6 32. Nf5+ Kf8 33. b4 Bc3 34. Kg2 d4 35. Rc2 Re5 36.
Ng3 Ke7 37. Kf3 f5 38. Ne2 Kf6 39. Nf4 Re3+ 40. Kf2 Ke5 41. Ng2 Re4 42. Kf3 Kd5 43. Nf4+ Kc4 0-1

[Event "Early-Titled-Tuesday-Blitz-January-23-2024"]
[Site "Chess.com"]
[Date "2024.01.23"]
[Round "6"]
[White "karenzc"]
[Black "Roosters19"]
[Result "1-0"]
[WhiteElo "2203"]
[BlackElo "2311"]
[TimeControl "180+1"]
[EndTime "9:06:39 PST"]
[Termination "karenzc won by checkmate"]

1. e4 c5 2. Nc3 Nc6 3. d3 g6 4.
f4 Bg7 5. Nf3 e6 6. Be3 Nd4 7. g3 Ne7 8. Bg2 O-O 9. O-O d5 10.
exd5 exd5 11. Nxd4 cxd4 12. Bd2 dxc3 13. bxc3 Qc7 14. d4 Bf5 15. g4 Be4 16. Bxe4 dxe4 17.
f5 Nd5 18. Qe1 e3 19. Bxe3 Rae8 20. Rf3 Bh6 21. Bxh6 Rxe1+ 22. Rxe1 Rd8 23. fxg6 hxg6 24. Re5 b5 25. Bg5 Rd7 26. Rh3 f6 27. Re8+ Kf7 28.
Rhh8 Re7 29. Rhf8+ Ke6 30. Rd8 fxg5 31. Rc8 Qd6 32. Rfd8 Qxd8 33. Rxd8 Nxc3 34. Rc8 Ne2+ 35. Kf2 Nxd4 36. c3 Nc2 37. Rc5 a6 38. Rxg5 Rf7+ 39. Ke2 Rf6 40. Rc5 Na3 41. h4 Nc4 42. g5 Rf4 43. Rc6+ Kf5 44. Rf6+ Ke4 45. Rxg6 Rxh4 46. Rxa6 Rh2+ 47. Kf1 Ne3+ 48. Kg1 Rg2+ 49. Kh1 Rxg5 50. Re6+ Kd3 51. Kh2 Nc4 52. Rb6 Kxc3 53. Rc6 Kb4 54. Kh3 Ka3 55. Ra6+ Kb4 56. Kh4 Rc5 57. Kg4 Re5 58.
Kf4 Re2 59. Kf3 Rb2 60. Ke4 Na5 61. Rb6 Rxa2 62. Kd5 Rc2 63. Ke4 Rc4+ 64. Kd3 Nb3 65. Rb8 Nc5+ 66. Kd2 Ne4+ 67. Ke3 Nd6 68. Rh8 Rc6 69. Rh1 Rc3+ 70. Kd4 Nc4 71. Kd5 Rb3 72. Kc6 Na5+ 73. Kb6 Nc4+ 74. Kc6 Ka4 75. Rh5 Na3 76. Kb6 b4 77. Ra5# 1-0

[Event "Early-Titled-Tuesday-Blitz-January-23-2024"]
[Site "Chess.com"]
[Date "2024.01.23"]
[Round "6"]
[White "hmatyi07"]
[Black "Kapitan_Bayan"]
[Result "0-1"]
[WhiteElo "2178"]
[BlackElo "2326"]
[TimeControl "180+1"]
[EndTime "9:06:39 PST"]
[Termination "Kapitan_Bayan won by resignation"]

1. e4 c5 2. Nf3 d6 3. d4 cxd4 4. Nxd4 Nf6 5. Nc3 g6 6. Be3 Nc6 7. f3 h5 8. Bb5 Bd7 9. Qd2 Nxd4 10.
Bxd7+ Qxd7 11. Qxd4 Bg7 12. Qd2 O-O 13. O-O-O b5 14.
e5 Ne8 15. exd6 Nxd6 16. Ne4 Bxb2+ 17. Kb1 Be5 18. f4 Bg7 19. Nxd6 exd6 20. Qxd6 Qf5 21. Qc5 Qe4 22. Rhe1 Rfc8 23. Bd4 Qxg2 24. Rg1 Qxh2 25. Qb4 Qxc2+ 26. Ka1 Bxd4+ 27. Rxd4 Rd8 28. Rgd1 Rxd4 29. Qxd4 Rc8 30. Qd5 Qc3+ 31. Kb1 Qc4 32. Qd6 Qe4+ 33. Ka1 Qc4 34. f5 Qc3+ 35. Kb1 Qc2+ 36. Ka1 Qxf5 37. Qd4 Rc6 38. Qd8+ Kg7 39. Qd4+ Qf6 40. Kb1 Qxd4 41.
Rxd4 g5 42. Rd5 Kg6 43. Rxb5 h4 44. Rb7 h3 45. Rxa7 h2 0-1

[Event "Early-Titled-Tuesday-Blitz-January-23-2024"]
[Site "Chess.com"]
[Date "2024.01.23"]
[Round "6"]
[White "ViktoriyaTarasova"]
[Black "JiiHart"]
[Result "0-1"]
[WhiteElo "2302"]
[BlackElo "2155"]
[TimeControl "180+1"]
[EndTime "9:06:39 PST"]
[Termination "JiiHart won on time"]

1. d4 d5 2. c4 c5 3. cxd5 Qxd5 4. Nf3 cxd4 5. Qxd4 Qxd4 6. Nxd4 a6 7. e4 e5 8. Nc2 Nf6 9. Nc3 Be6 10. Be2 Nbd7 11. O-O Be7 12. Rd1 O-O 13. h3 Rac8 14. Bf3 Rfd8 15.
Be3 b5 16. Rd2 Bc5 17. Nd5 Bxe3 18. Ncxe3 Bxd5 19. exd5 Nb6 20. Rad1 g6 21. d6 Nc4 22. Nxc4 Rxc4 23. b3 Rc5 24. g4 Rd7 25. g5 Ne8 26.
Bg4 Rd8 27. d7 Nc7 28. Re2 Kf8 29. b4 Rd5 30. Rxd5 Nxd5 31. Rxe5 Nxb4 32. a3 Nc6 33.
Rc5 Ne7 34. Rc8 Nxc8 35. dxc8=Q Rxc8 36. Bxc8 Ke7 37. Kg2 Kd6 38. Kg3 a5 39. h4 b4 40.
axb4 a4 41. Ba6 Kd5 42. Bb7+ Kd4 0-1

[Event "Early-Titled-Tuesday-Blitz-January-23-2024"]
[Site "Chess.com"]
[Date "2024.01.23"]
[Round "6"]
[White "I_am_Javi"]
[Black "Zhigalko_Sergei"]
[Result "0-1"]
[WhiteElo "2784"]
[BlackElo "2977"]
[TimeControl "180+1"]
[EndTime "9:06:40 PST"]
[Termination "Zhigalko_Sergei won on time"]

1. e4 c5 2. Nf3 Nc6 3. Bb5 Nf6 4. Bxc6 dxc6 5. Nc3 Bg4 6. O-O Qc7 7. Re1 e5 8. d3 Nd7 9. h3 Bh5 10. a4 Be7 11. a5 Nf8 12. g4 Bg6 13. Nd2 Ne6 14. Nc4 h5 15. Be3 Rd8 16. Qf3 hxg4 17. hxg4 Nd4 18.
Bxd4 cxd4 19. Ne2 b5 20. axb6 axb6 21. Ra6 b5 22. Na5 Rd6 23. Ra1 Bd8 24. Ng3 Rf6 25.
Nf5 O-O 26. Nb3 Bxf5 27. exf5 Rh6 28. Qe4 Qe7 29. Rxc6 Rh4 30. f6 Qd7 31. f3 Bxf6 32. Nc5 Qd8 33. Raa6 Bg5 34. Rd6 Qe7 35. Nd7 Re8 36.
Ra8 Bf4 37. Rxe8+ Qxe8 38. Qf5 Qe7 39. Rd5 Rh3 40. Kg2 Rg3+ 41. Kf2 Qh4 42. Nf6+ gxf6 0-1

[Event "Early-Titled-Tuesday-Blitz-January-23-2024"]
[Site "Chess.com"]
[Date "2024.01.23"]
[Round "6"]
[White "Klavdia_Nik"]
[Black "kekic76"]
[Result "0-1"]
[WhiteElo "2160"]
[BlackElo "2323"]
[TimeControl "180+1"]
[EndTime "9:06:40 PST"]
[Termination "kekic76 won on time"]

1. Nf3 d5 2. c4 e6 3. b3 Nf6 4.
Bb2 Be7 5. cxd5 exd5 6. g3 O-O 7.
Bg2 c6 8. O-O Bf5 9. d3 Nbd7 10.
Nbd2 a5 11. a3 Re8 12. Re1 Bc5 13. Nd4 Bg6 14. N2f3 Qb6 15. Qc2 Ne5 16. Nxe5 Bxd4 17. Bxd4 Qxd4 18. Nxg6 hxg6 19. e3 Qb6 20. Re2 Nd7 21.
d4 Nf6 22. Rc1 Ne4 23. Bxe4 Rxe4 24. Qd3 Rae8 25. Rec2 Qd8 26. b4 axb4 27. axb4 Qe7 28. b5 cxb5 29. Qxb5 Rd8 30. Rc7 Qg5 31. Qxb7 Rxe3 32.
Rf1 Rf3 33. Kg2 Rf6 34. Rd7 Re8 35. Qxd5 Qg4 36. Rd8 Re6 37. Rxe8+ Rxe8 38. Qf3 Qxd4 39. Rd1 Qe4 0-1

[Event "Early-Titled-Tuesday-Blitz-January-23-2024"]
[Site "Chess.com"]
[Date "2024.01.23"]
[Round "6"]
[White "Denis_Makhnyov"]
[Black "GMWSO"]
[Result "0-1"]
[WhiteElo "3022"]
[BlackElo "3105"]
[TimeControl "180+1"]
[EndTime "9:06:41 PST"]
[Termination "GMWSO won on time"]

1. d4 Nf6 2. c4 e6 3. Nc3 Bb4 4. e3 O-O 5. Bd3 c5 6. Ne2 cxd4 7. exd4 d5 8. cxd5 Nxd5 9. O-O Nf6 10. Bg5 Be7 11. Bc2 Nc6 12. a3 g6 13. Qd3 e5 14.
Bh6 exd4 15. Bxf8 Bxf8 16. Rad1 Bf5 17. Qd2 dxc3 18. Qxc3 Qc8 19. Bb3 Bg7 20. Qc5 Ne4 21. Qe3 Na5 22. Bd5 Nf6 23. Bf3 Nc4 24. Qb3 Nb6 25. Nd4 Be4 26. Rc1 Qd7 27. Rfd1 Bxf3 28. Nxf3 Qe7 29. Re1 Qd6 30. Red1 Nfd5 31. g3 h6 32. Rc2 Qe6 33. Re1 Qf5 34. Rc5 Bf8 35. Rb5 a6 36. Nd4 Qf6 37. Rxd5 Nxd5 38. Qxd5 Rd8 39.
Qxb7 Rxd4 40. Re8 Rd2 41. Rxf8+ Kxf8 42. Qb3 Qxf2+ 0-1